[Event "*** Titled Tuesday 3|2 Blitz"]
[Site "Chess.com"]
[Date "2017.05.02"]
[Round "9"]
[White "MagnusCarlsen"]
[Black "AkshatChandra"]
[Result "1-0"]
[WhiteElo "2985"]
[BlackElo "2755"]
[TimeControl "180+2"]
[EndTime "14:59:19 PDT"]
[Termination "MagnusCarlsen won by resignation"]

1. d4 Nf6 2. Bf4 e6 3. Nf3 c5 4.
e3 d5 5. c3 Nc6 6. Nbd2 Bd6 7. Bg3 O-O 8. Bb5 Bxg3 9. hxg3 Qb6 10. a4 h6 11. O-O Bd7 12. Qe2 Ne7 13. Ne5 Bxb5 14. Qxb5 Rfc8 15. Rfc1 Qc7 16. a5 a6 17. Qa4 Nc6 18. Nd3 c4 19. Nc5 Nd7 20. Nxd7 Qxd7 21. b3 cxb3 22. Nxb3 Qe7 23. Nc5 Na7 24. c4 dxc4 25.
Rxc4 Nb5 26. Rac1 Rc7 27. Nd3 Rac8 28. g4 Rxc4 29. Rxc4 Rxc4 30. Qxc4 Kh7 31. Ne5 g6 32. Qc8 Kg7 33. Nd7 Nd6 34. Qc7 f6 35. f3 Kf7 36.
Kf2 h5 37. gxh5 gxh5 38. e4 Ke8 39. Nxf6+ Qxf6 40. Qxd6 Qh4+ 41. Ke2 Qg5 42. Qxe6+ Kd8 43. Qd6+ Ke8 44. Qe5+ 1-0

[Event "*** Titled Tuesday 3|2 Blitz"]
[Site "Chess.com"]
[Date "2017.05.02"]
[Round "9"]
[White "Saitama_Hero"]
[Black "ehrenfeld"]
[Result "1-0"]
[WhiteElo "2274"]
[BlackElo "2373"]
[TimeControl "180+2"]
[EndTime "14:59:27 PDT"]
[Termination "Saitama_Hero won by resignation"]

1. d4 Nf6 2. c4 e6 3. Nc3 Bb4 4. f3 O-O 5. a3 Be7 6. e4 d5 7. cxd5 exd5 8. e5 Nfd7 9. f4 c5 10.
Nf3 Nc6 11. Be3 cxd4 12. Nxd4 Nc5 13. Be2 Nxd4 14. Bxd4 Bf5 15. O-O Ne4 16. Bf3 Rc8 17. g4 Nxc3 18. bxc3 Be4 19. Bxe4 dxe4 20. f5 Bg5 21. Qe2 Qd5 22. Rad1 Qc6 23. Rfe1 Bh4 24. Rf1 Bg5 25. Qf2 e3 26. Bxe3 Bxe3 27. Qxe3 Qxc3 28. Rf3 Qc2 29. Rdf1 Rc4 30. Rf4 Rc3 31. Qxa7 h5 32. gxh5 Qe2 33. Qd4 Re3 34. R4f2 Qd3 35. Qxd3 Rxd3 36.
f6 gxf6 37. Rxf6 Re3 38. R1f5 Re2 39. h6 Rc8 40. Rxf7 Rc1+ 41. Rf1 Rcc2 42. Rg7+ 1-0

[Event "*** Titled Tuesday 3|2 Blitz"]
[Site "Chess.com"]
[Date "2017.05.02"]
[Round "9"]
[White "Rikikits"]
[Black "spectralsoul"]
[Result "1/2-1/2"]
[WhiteElo "2583"]
[BlackElo "2647"]
[TimeControl "180+2"]
[EndTime "14:59:35 PDT"]
[Termination "Game drawn by agreement"]

1. e4 d6 2. d4 Nf6 3. f3 c5 4. Ne2 Nc6 5. d5 Ne5 6. Nd2 g6 7. h3 Bg7 8. f4 Ned7 9. g4 O-O 10. Bg2 Nb6 11. O-O e6 12. c4 exd5 13. cxd5 Re8 14. Ng3 c4 15. g5 Nfd7 16. e5 Nc5 17. Nde4 Nxe4 18. Nxe4 dxe5 19. fxe5 Bxe5 20. Nf6+ Bxf6 21. gxf6 Re5 22. Qd4 Rh5 23. h4 Be6 24. Bg5 Bxd5 25. Rad1 h6 26. Bf3 Qd6 27. Bf4 Qe6 28. Bxh5 gxh5 29.
Kh2 Kh7 30. Qe3 Qg4 31. Qg3 Rg8 32. Qxg4 Rxg4 33. Bg3 Kg6 34. Rf4 Be6 35. Rxg4+ hxg4 36. Bf2 Nd7 37. Bxa7 Nxf6 38. Kg3 Kf5 39. Rf1+ Kg6 40. Bd4 Nh5+ 41. Kf2 f5 42. Ke3 f4+ 43. Rxf4 Nxf4 44. Kxf4 1/2-1/2

[Event "*** Titled Tuesday 3|2 Blitz"]
[Site "Chess.com"]
[Date "2017.05.02"]
[Round "9"]
[White "PowerThinking2650"]
[Black "Vamostodorecto"]
[Result "1-0"]
[WhiteElo "2189"]
[BlackElo "2318"]
[TimeControl "180+2"]
[EndTime "14:59:35 PDT"]
[Termination "PowerThinking2650 won by resignation"]

1. e4 e5 2. Nf3 Nc6 3. Nc3 Nf6 4. d4 exd4 5. Nxd4 Bb4 6. Nxc6 bxc6 7. Bd3 d5 8. exd5 cxd5 9. O-O O-O 10. Bg5 c6 11. Qf3 Bd6 12. Bxf6 Qxf6 13. Qxf6 gxf6 14. Ne2 Rb8 15. b3 Be6 16. Ng3 Be5 17. Rad1 c5 18. f4 Bd4+ 19. Kh1 Bg4 20. Rde1 Rfe8 21. Rxe8+ Rxe8 22. f5 Bc3 23. Rf4 Bd1 24. Rf1 Re1 25. Rxe1 Bxe1 26.
Kg1 c4 27. bxc4 dxc4 28. Be4 Bc3 29. Kf1 Kg7 30. Nh1 Kh6 31. Nf2 Bh5 32. g4 Bg6 33.
h4 Be5 34. Ke2 Bg3 35. fxg6 fxg6 36. h5 Be5 37. hxg6 hxg6 38. Kf3 Kg5 39. Nh3+ Kh4 40. Nf4 g5 41. Ng6+ Kh3 42. Nxe5 fxe5 43. Bf5 1-0

[Event "*** Titled Tuesday 3|2 Blitz"]
[Site "Chess.com"]
[Date "2017.05.02"]
[Round "9"]
[White "TricksOnly"]
[Black "supertfc"]
[Result "0-1"]
[WhiteElo "2367"]
[BlackElo "2355"]
[TimeControl "180+2"]
[EndTime "14:59:38 PDT"]
[Termination "supertfc won by resignation"]

1. e4 e5 2. Nf3 Nc6 3. Nc3 Nf6 4.
a3 Be7 5. d4 exd4 6. Nxd4 O-O 7. Be2 d5 8. exd5 Nxd5 9. Nxc6 bxc6 10. Ne4 f5 11. Ng3 f4 12. Ne4 Bf5 13. Bf3 Qc8 14.
O-O g5 15. h3 h5 16. c4 g4 17. cxd5 gxf3 18. Qxf3 cxd5 19. Nc3 c6 20. Bxf4 Bg6 21. Qg3 Qf5 22. Rfe1 Bc5 23. Re5 Bxf2+ 24. Qxf2 Qxf4 25. Qxf4 Rxf4 26. Re6 Kg7 27. Rxc6 d4 28. Rc7+ Kh6 29. Ne2 Re4 30. Ng3 Re3 31. Nf1 Re2 32. Rd7 Rf8 33. Ng3 Rxb2 34. Rf1 Rxf1+ 35. Kxf1 h4 36. Ne2 Bd3 37.
Re7 Kg5 38. Ke1 Rxe2+ 39. Rxe2 Bxe2 40. Kxe2 Kf4 41. Kd3 Ke5 42. a4 a5 43. Ke2 Ke4 44. Kf2 d3 0-1

[Event "*** Titled Tuesday 3|2 Blitz"]
[Site "Chess.com"]
[Date "2017.05.02"]
[Round "9"]
[White "GameOverBro"]
[Black "TheNextLevelFan"]
[Result "1/2-1/2"]
[WhiteElo "2308"]
[BlackElo "2398"]
[TimeControl "180+2"]
[EndTime "15:00:02 PDT"]
[Termination "Game drawn by agreement"]

1. e4 e5 2. d4 exd4 3. Qxd4 Nc6 4. Qe3 Nf6 5. Nc3 Bb4 6. Bd2 O-O 7. O-O-O Re8 8.
Qf4 d6 9. f3 Be6 10. a3 Bc5 11. Nge2 a5 12. Be1 Ne5 13. Bh4 Ng6 14. Bxf6 Nxf4 15.
Bxd8 Nxe2+ 16. Bxe2 Rexd8 17. Nd5 c6 18. Nc7 Rac8 19. Nxe6 fxe6 20. c3 a4 21. Kc2 Kf7 22.
f4 Ke7 23. Rd3 Rf8 24. g3 h6 25. h4 Ra8 26. h5 Ra5 27. Bg4 Rb5 28. Be2 Ra8 29.
Rf3 Rba5 30. Bc4 Rf8 31. Rhf1 d5 32. Bd3 Raa8 33. f5 dxe4 34. Bxe4 exf5 35. Bxf5 Rad8 36.
Re1+ Kd6 37. Re6+ Kc7 38. g4 Rf7 39. Rf4 b5 40. Rfe4 Rfd7 41. Re2 Kb6 42. Rg6 Rf7 43. Ree6 Rc7 44. Be4 Rdc8 45. c4 b4 46. axb4 Bxb4 47. Kb1 a3 48. bxa3 Bxa3 49. Kc2 Kc5 50. Bg2 Kxc4 51. Rxc6+ Rxc6 52. Rxc6+ Rxc6 53. Bxc6 Kd4 1/2-1/2

[Event "*** Titled Tuesday 3|2 Blitz"]
[Site "Chess.com"]
[Date "2017.05.02"]
[Round "9"]
[White "GamayevOleg"]
[Black "RitvarsReimanis"]
[Result "1/2-1/2"]
[WhiteElo "2427"]
[BlackElo "2438"]
[TimeControl "180+2"]
[EndTime "15:00:09 PDT"]
[Termination "Game drawn - insufficient material"]

1. g3 Nf6 2. Bg2 e6 3. d3 d5 4. Nc3 Bb4 5. Bd2 O-O 6. e4 d4 7.
Nce2 Bxd2+ 8. Qxd2 e5 9. h3 c5 10.
f4 Nc6 11. Nf3 Re8 12. fxe5 Nxe5 13. Nxe5 Rxe5 14. O-O Qe7 15. Rf4 Nd5 16. exd5 Rxe2 17. Qxe2 Qxe2 18. Re4 Qxe4 19. dxe4 f6 20. c3 dxc3 21.
bxc3 Bd7 22. Kf2 Kf7 23. Ke3 Ke7 24. Rb1 Rb8 25. Kd3 Kd6 26. h4 b6 27. Rh1 Ke5 28. Bh3 Bb5+ 29. c4 Ba6 30. Rf1 g6 31. g4 b5 32. g5 bxc4+ 33. Kc3 fxg5 34. hxg5 Kxe4 35. d6 Ke5 36. d7 Rd8 37. Re1+ Kd6 38. Re6+ Kxd7 39. Rxa6+ Ke8 40. Rxa7 Rd3+ 41. Kxc4 Rxh3 42.
Kxc5 Rh5 43. Kd6 Rxg5 44. Rxh7 Ra5 45. Rg7 Kf8 46. Rb7 Rxa2 47. Ke5 Ra6 48. Kf4 Ra5 49.
Kg4 Rf5 50. Ra7 Rf7 51. Rxf7+ Kxf7 52. Kg5 Kg7 53. Kg4 Kf6 54. Kf4 g5+ 55. Kg4 Kg6 56. Kg3 Kf5 57. Kf3 g4+ 58. Kg3 Kg5 59. Kg2 Kf4 60. Kf2 g3+ 61. Kg2 Kg4 62. Kg1 Kh4 63. Kg2 Kg4 64. Kg1 Kg5 65. Kg2 Kf4 66. Kg1 Kg4 67.
Kg2 Kh4 68. Kg1 Kg5 69. Kg2 Kf4 70. Kg1 Kg4 71. Kg2 Kh4 72. Kg1 Kh3 73. Kh1 Kg4 74.
Kg2 Kf4 75. Kg1 Ke3 76. Kg2 Kf4 77. Kg1 Kf3 78. Kf1 Kf4 79. Kg2 Kg4 80. Kg1 Kf3 81.
Kf1 g2+ 82. Kg1 Ke2 83. Kxg2 1/2-1/2

[Event "*** Titled Tuesday 3|2 Blitz"]
[Site "Chess.com"]
[Date "2017.05.02"]
[Round "9"]
[White "Lawliet64"]
[Black "Abdodi"]
[Result "1-0"]
[WhiteElo "2008"]
[BlackElo "2054"]
[TimeControl "180+2"]
[EndTime "15:00:14 PDT"]
[Termination "Lawliet64 won by checkmate"]

1. e4 c5 2. Nc3 d6 3. Bc4 Nf6 4.
d3 Nc6 5. f4 e6 6. Nf3 a6 7.
O-O b5 8. Bb3 Qb6 9. Kh1 Ng4 10.
Qe1 Be7 11. Qg3 h5 12. Bd2 e5 13. f5 Bd7 14. Nd5 Qa7 15. a4 b4 16. Ng5 f6 17. Nxe7 Nxe7 18. Ne6 Bxe6 19. Bxe6 Nc6 20. c3 a5 21. Rac1 Kd8 22. h3 Nh6 23. Qg6 h4 24.
Rfd1 Rb8 25. Be3 bxc3 26. bxc3 Qe7 27. d4 Kc7 28. dxc5 Rhd8 29. cxd6+ Rxd6 30. Rxd6 Kxd6 31. Rd1+ Kc7 32. Rd7+ Qxd7 33. Bxd7 Ne7 34. Qxg7 Nhg8 35. Be6 Kd6 36. Bxg8 Nxg8 37. c4 Rd8 38. c5+ Kc6 39. Qa7 Ne7 40. Qxe7 Rd1+ 41. Kh2 Rd7 42. Qxf6+ Kb7 43.
Qxe5 Ka6 44. Bf4 Rc7 45. Qd6+ Ka7 46. Qxc7+ Ka8 47. Qb8# 1-0

[Event "*** Titled Tuesday 3|2 Blitz"]
[Site "Chess.com"]
[Date "2017.05.02"]
[Round "9"]
[White "Hikaru"]
[Black "Msb2"]
[Result "1-0"]
[WhiteElo "2866"]
[BlackElo "2569"]
[TimeControl "180+2"]
[EndTime "15:00:28 PDT"]
[Termination "Hikaru won by resignation"]

1. Nf3 d5 2. g3 Bg4 3. Bg2 e6 4.
O-O Nf6 5. h3 Bh5 6. d3 Be7 7. Qe1 O-O 8. e4 c5 9. Nh4 Nc6 10. f4 Nd4 11. Rf2 dxe4 12. dxe4 Nd7 13. c3 Bxh4 14. gxh4 Nc6 15. Rd2 Qe7 16. e5 Rad8 17. Na3 Nb6 18. Qf2 Nd5 19. Qg3 f6 20. Rf2 fxe5 21. fxe5 Rxf2 22. Kxf2 Rf8+ 23. Kg1 c4 24.
Bg5 Qc5+ 25. Kh1 b5 26. Rf1 Rxf1+ 27. Bxf1 a6 28. Nc2 Qf8 29. Bg2 Qf5 30. Ne3 Qxe5 31. Qxe5 Nxe5 32. Nxd5 exd5 33. Bxd5+ Kf8 34. Kg2 Nd3 35.
Bb7 Nxb2 36. Bxa6 Be8 37. Be3 Ke7 38. Bc5+ Ke6 39. Bd4 g6 40. Kf3 Nd3 41. Kg4 Ne5+ 42. Kf4 Nd3+ 43. Kg5 Nc1 44. a3 Ne2 45. Bh8 Ng1 46. Kg4 Bd7 47. Kg3 Kd6 48. Bb7 Ne2+ 49. Kf3 Ng1+ 50. Kg3 Ne2+ 51. Kf3 Ng1+ 52. Kf4 Nxh3+ 53.
Ke3 g5 54. hxg5 Nxg5 55. Bf6 Ne6 56. Bf3 Nc7 57. Kd4 Ne6+ 58. Ke3 Nc7 59. Bg7 Ne6 60. Bf6 Bc6 61. Bg4 Nc7 62. Bh4 Kc5 63. Kf4 Nd5+ 64. Ke5 Kb6 65. Be1 Kb7 66. Bd2 Nb6 67. Bf5 Nc8 68.
Bxh7 Nb6 69. Kd6 Nc8+ 70. Kc5 Nb6 71. Bf5 Nd7+ 72. Kd6 Nb6 73. Be3 Nd5 74. Bd4 Nc7 75. Bc8+ Kxc8 76. Kxc6 Ne6 77. Be5 Nc7 78. Bxc7 b4 79.
cxb4 c3 80. Bf4 c2 1-0

[Event "*** Titled Tuesday 3|2 Blitz"]
[Site "Chess.com"]
[Date "2017.05.02"]
[Round "9"]
[White "Vrolijk"]
[Black "jcibarra"]
[Result "0-1"]
[WhiteElo "2345"]
[BlackElo "2643"]
[TimeControl "180+2"]
[EndTime "15:00:33 PDT"]
[Termination "jcibarra won by checkmate"]

1. d4 Nf6 2. c4 d6 3. Nc3 e5 4. d5 Nbd7 5. e4 Nc5 6. f3 a5 7.
Be3 Nfd7 8. Nh3 Be7 9. Nf2 Bg5 10.
Qd2 h6 11. Be2 Bxe3 12. Qxe3 Qg5 13. Qxg5 hxg5 14. Kd2 Nb6 15. b3 Bd7 16. Rab1 g6 17. Nd3 Ke7 18. h3 f5 19. Nxc5 dxc5 20. Bd3 Nc8 21.
Nd1 Nd6 22. Ne3 Kf6 23. a3 Rh4 24. Rhf1 b6 25. Nd1 Ke7 26. Nf2 Rhh8 27. Rfe1 Kf6 28. Be2 c6 29. Kc3 cxd5 30. cxd5 b5 31. Kd2 b4 32. a4 Rac8 33. Rbc1 Rc7 34. Ba6 Ra8 35. Bf1 Rac8 36. Ba6 Ra8 37. Bf1 Bc8 38. Nd3 c4 39. bxc4 Nxc4+ 40. Kd1 Bd7 41. Ke2 Raa7 42. Kf2 Nd6 43.
Nc5 Be8 44. Bd3 Ra8 45. Ne6 Rxc1 46. Rxc1 Bxa4 47. Rc7 Be8 48. g3 a4 49. h4 gxh4 50. gxh4 a3 51. exf5 gxf5 52. Ng5 Nf7 53. Nxf7 Bxf7 54.
Bc4 a2 55. Bxa2 Rxa2+ 56. Kg3 Bxd5 57. Rc5 f4+ 58. Kg4 Be6+ 59. Kh5 Ra8 60. Kh6 Rh8# 0-1

[Event "*** Titled Tuesday 3|2 Blitz"]
[Site "Chess.com"]
[Date "2017.05.02"]
[Round "9"]
[White "Blitzstream"]
[Black "PaulfromSPb"]
[Result "0-1"]
[WhiteElo "2464"]
[BlackElo "2577"]
[TimeControl "180+2"]
[EndTime "15:00:35 PDT"]
[Termination "PaulfromSPb won on time"]

1. g3 d5 2. Bg2 c6 3. b3 Nf6 4. Bb2 Bf5 5. d3 e6 6. Nd2 Nbd7 7. e3 Bg6 8. Ne2 Bd6 9. h3 e5 10.
a3 Qc7 11. O-O O-O 12. e4 dxe4 13. dxe4 Rad8 14. Nc3 b5 15. Qe2 a6 16. Rad1 Nc5 17. Rfe1 Ne6 18. Ncb1 Bc5 19. Kh2 Bd4 20. c3 Ba7 21. b4 c5 22. Nb3 c4 23. Nc1 Ng5 24.
f3 Nh5 25. Qf1 Ne6 26. Ne2 Qe7 27. Bc1 Rd3 28. f4 exf4 29. gxf4 f5 30. exf5 Bxf5 31.
Rxd3 cxd3 32. Nd4 Bxd4 33. cxd4 Qd6 34. Re5 Nxd4 35. Nc3 Qf6 36. Nd5 Qf7 37. Ne7+ Kh8 38. Nxf5 Nxf5 39. Qxd3 Nhg3 40. Bb2 h6 41. Qd5 Qc7 42.
Qc5 Qb8 43. Qc6 Kh7 44. Qxa6 Qc7 45. Qc6 Qf7 46. Qd5 Qc7 47. Qc5 Qd8 48. Qd5 Qc8 49. Qc5 Qb8 50. Qxb5 Qa7 51. Qc5 Qb8 52. Qb5 Qc7 53. Qc5 Qf7 54. Qd5 Qh5 55. Qf3 Qh4 56. Qg4 Qd8 57. Rd5 Qc7 58. Rc5 Qd6 59. Rd5 Qb6 60.
Qf3 Re8 61. Qd3 Re3 62. Qc2 Re2 63. Qc3 Qf2 0-1

[Event "*** Titled Tuesday 3|2 Blitz"]
[Site "Chess.com"]
[Date "2017.05.02"]
[Round "9"]
[White "yurisolo"]
[Black "severomorskij"]
[Result "1/2-1/2"]
[WhiteElo "2543"]
[BlackElo "2677"]
[TimeControl "180+2"]
[EndTime "15:00:36 PDT"]
[Termination "Game drawn - insufficient material"]

1. e4 c5 2. Nf3 Nc6 3. Bb5 e6 4.
O-O Nge7 5. b3 Ng6 6. Bb2 f6 7. Re1 Be7 8. c3 a6 9. Bf1 O-O 10. d4 d5 11. Nbd2 cxd4 12. cxd4 dxe4 13. Nxe4 Bb4 14.
Re3 Nf4 15. a3 Be7 16. Re1 Bd7 17. b4 b6 18. Nc3 Nd5 19. Bc4 Nxc3 20. Bxc3 Kh8 21.
Bxe6 Bxe6 22. Rxe6 Qd5 23. Qe2 Rac8 24. Re1 Bd6 25. Qe4 Qxe4 26. R1xe4 Rfd8 27. d5 Ne7 28. Rxd6 Rxd6 29. Rxe7 Rxd5 30. h4 h5 31. Bd4 Rc6 32. Rb7 b5 33. Ra7 Rcd6 34. Bc5 Rc6 35. g3 Rd3 36.
Nd4 Rxc5 37. bxc5 Rxd4 38. Rxa6 Rc4 39. c6 Kh7 40. Rb6 Kg6 41. Kf1 Rc3 42. Ke1 Rxa3 43. Rxb5 Rc3 44. Rb6 Kf5 45. Kd2 Rc5 46. Kd3 Ke5 47.
Rb7 Rxc6 48. Rxg7 Kf5 49. f3 Ra6 50. g4+ hxg4 51. fxg4+ Kf4 52. h5 Ra3+ 53. Kd4 Rh3 54. Kd5 f5 55. gxf5 Kxf5 56. Rh7 Kg5 57. Ke5 Rxh5 58.
Rxh5+ Kxh5 1/2-1/2

[Event "*** Titled Tuesday 3|2 Blitz"]
[Site "Chess.com"]
[Date "2017.05.02"]
[Round "9"]
[White "Spartakus1975"]
[Black "Gordima"]
[Result "1-0"]
[WhiteElo "2603"]
[BlackElo "2592"]
[TimeControl "180+2"]
[EndTime "15:00:45 PDT"]
[Termination "Spartakus1975 won on time"]

1. e4 c5 2. c3 Nf6 3. e5 Nd5 4. Nf3 Nc6 5. Bc4 Nb6 6. Bb3 c4 7. Bc2 d6 8. exd6 e6 9. O-O Bxd6 10. d4 cxd3 11. Qxd3 Be7 12. Qe2 O-O 13. Nbd2 Nd5 14. Ne4 Nf6 15. Bf4 Qa5 16. Rad1 Qxa2 17. b4 Nxe4 18. Qxe4 f5 19. Qe2 Bf6 20. b5 Ne7 21.
c4 a6 22. b6 Nc6 23. Bd6 Re8 24. c5 a5 25. Rd2 Qa3 26. Rd3 Qb4 27. h3 a4 28. Rb1 Qe4 29. Re3 Qd5 30. Rd1 Qa2 31. Rd2 a3 32. Bb3 Qa1+ 33. Kh2 h6 34. Ra2 Qc1 35.
Bxe6+ Bxe6 36. Rxe6 Kf7 37. Rxe8 Rxe8 38. Qd3 Kg6 39.
g4 Ra8 40. Qxf5+ Kf7 41. Qd5+ Kg6 42. h4 Kh7 43. g5 hxg5 44. hxg5 Bb2 45. Qf5+ Kg8 46.
g6 Qh6+ 47. Kg2 Re8 48. Qf7+ 1-0

[Event "*** Titled Tuesday 3|2 Blitz"]
[Site "Chess.com"]
[Date "2017.05.02"]
[Round "9"]
[White "saraswathii"]
[Black "Ilja_Semjonovs"]
[Result "1-0"]
[WhiteElo "2253"]
[BlackElo "2246"]
[TimeControl "180+2"]
[EndTime "15:00:47 PDT"]
[Termination "saraswathii won by resignation"]

1. e4 c5 2. Nf3 d6 3. d3 Nf6 4. g3 g6 5. Bg2 Bg7 6. O-O O-O 7. c3 Nc6 8. h3 Qc7 9. Qe2 e6 10. d4 cxd4 11. cxd4 d5 12. e5 Ne4 13. Nbd2 Nxd2 14. Bxd2 Qb6 15. Bc3 Bd7 16. h4 f6 17.
exf6 Bxf6 18. h5 Rae8 19. hxg6 hxg6 20. Qd3 Kg7 21. Rfe1 Rh8 22. Re3 Ne7 23. g4 Nc6 24. Rae1 Bd8 25. b4 a6 26. a4 Bc7 27. b5 axb5 28. axb5 Nd8 29. Ne5 Bxe5 30. dxe5 Qxb5 31. Qd4 Ref8 32. Bf1 Qa4 33. Bb4 Rf7 34. Rc1 Bb5 35. Ra3 Nc6 36. Rxc6 bxc6 37. Rxa4 Bxa4 38.
Bd3 Rh3 39. Bf1 Rb3 40. Bd2 Bb5 41. Bxb5 Rxb5 42. Bg5 c5 43. Bf6+ Kg8 44. Qd3 c4 45. Qxg6+ Kf8 46. Qh6+ Ke8 47. Qh8+ Kd7 48. Qd8+ Kc6 49.
Qe8+ Rd7 50. Qxe6+ Kc7 51. Qa6 Rb6 52. Qa7+ Kc6 53.
Qa8+ Rbb7 54. e6 Rd6 55. e7 Re6 56. Qc8+ 1-0

[Event "*** Titled Tuesday 3|2 Blitz"]
[Site "Chess.com"]
[Date "2017.05.02"]
[Round "9"]
[White "ItalianMachine"]
[Black "evgenyermolaev"]
[Result "0-1"]
[WhiteElo "2204"]
[BlackElo "2355"]
[TimeControl "180+2"]
[EndTime "15:00:53 PDT"]
[Termination "evgenyermolaev won by resignation"]

1. d4 Nf6 2. f3 c5 3. d5 e6 4. c4 exd5 5. cxd5 Nh5 6. g3 Bd6 7.
e4 O-O 8. f4 g6 9. Nf3 Re8 10. Nc3 a6 11. a4 Bc7 12. Bd3 d6 13.
O-O Bg4 14. Kg2 Qc8 15. Re1 Nd7 16. a5 Qd8 17. Bd2 Bxa5 18. Rxa5 Qxa5 19. Nb5 Qb6 20. Na3 Qc7 21. h3 Bxf3+ 22. Qxf3 b5 23. Nc2 c4 24.
Bf1 Nc5 25. Bc3 a5 26. g4 Ng7 27. b4 cxb3 28. Nd4 b4 29. Ba1 a4 30. Nc6 a3 31.
Bd4 b2 32. e5 Na4 33. Qb3 a2 34. Qxa2 Nc3 35. Qxb2 Ra2 36. Bxc3 Rxb2+ 37. Bxb2 Ra8 38. Bd4 b3 39. Rc1 h5 40. Kg3 Qd7 41.
Bd3 Ra2 42. f5 hxg4 43. e6 fxe6 44. fxe6 Qe8 45. hxg4 b2 46. Rf1 Nxe6 47. dxe6 Qxe6 48. Nb4 Ra4 49. Nc2 Rxd4 50. Nxd4 Qe3+ 51. Rf3 Qxd4 52.
Bxg6 Qe5+ 53. Kh4 Qh2+ 54. Kg5 Qe5+ 55. Kh6 Qg7+ 56. Kg5 b1=Q 0-1

[Event "*** Titled Tuesday 3|2 Blitz"]
[Site "Chess.com"]
[Date "2017.05.02"]
[Round "9"]
[White "DiogenesSinopeus"]
[Black "BjarkeSahl"]
[Result "0-1"]
[WhiteElo "2237"]
[BlackElo "2186"]
[TimeControl "180+2"]
[EndTime "15:01:04 PDT"]
[Termination "BjarkeSahl won by resignation"]

1. d4 g6 2. c4 Bg7 3. Nc3 d6 4.
Nf3 Nd7 5. g3 e5 6. Bg2 Ne7 7. O-O O-O 8. e4 exd4 9. Nxd4 Nc6 10.
Nde2 Nde5 11. b3 Bg4 12. f3 Bd7 13. f4 Ng4 14. h3 Nf6 15. Be3 Re8 16. Qd2 Nh5 17.
Kh2 a5 18. a3 a4 19. b4 Be6 20. Qd3 Nf6 21. Rad1 Nd7 22. Nd5 h5 23. Ndc3 Nde5 24. fxe5 Nxe5 25. Qb1 Nxc4 26. Qc1 h4 27. g4 Nxe3 28.
Qxe3 Be5+ 29. Kh1 Ra6 30. Nd4 Bc4 31. Rfe1 c6 32. Bf1 Bxf1 33. Rxf1 Qb6 34. Qf3 Re7 35. Nde2 Ra8 36. Nb1 Qb5 37. Nd2 Rae8 38. Qf2 Bg7 39. Ng1 Qd3 40. Ngf3 Qxa3 41. Kg2 Qxb4 42.
Rb1 Qa5 43. Nc4 Qc5 44. Qxc5 dxc5 45. e5 b5 46. Nd6 Rd8 47. Rfe1 Bxe5 48. Nxe5 Rxd6 49.
Kf3 Rde6 50. Kf4 c4 51. Rbd1 a3 52. Rd8+ Kg7 53. Ra8 b4 54. Rd1 Rxe5 55. Rdd8 g5+ 56. Kf3 Kf6 57. Rh8 Re3+ 58. Kf2 Re2+ 59. Kf1 R7e3 60.
Rae8 Rxe8 0-1

[Event "*** Titled Tuesday 3|2 Blitz"]
[Site "Chess.com"]
[Date "2017.05.02"]
[Round "9"]
[White "SerGo055"]
[Black "roldieyi"]
[Result "1-0"]
[WhiteElo "2404"]
[BlackElo "2109"]
[TimeControl "180+2"]
[EndTime "15:01:07 PDT"]
[Termination "SerGo055 won on time"]

1. d4 Nf6 2. Nf3 e6 3. c4 d5 4.
Nc3 Be7 5. Bg5 O-O 6. e3 b6 7. cxd5 exd5 8. Bd3 Bb7 9. O-O h6 10. Bh4 Ne4 11. Bxe7 Qxe7 12. Qc2 Nd7 13. Rfd1 a6 14. Bxe4 dxe4 15. Nd2 Nf6 16. Nc4 Rfe8 17. Ne5 c5 18. Rac1 Rac8 19. Qb3 cxd4 20. exd4 b5 21. a3 Red8 22.
Ne2 Bd5 23. Qg3 Bb7 24. h3 Nd5 25. Nf4 Nxf4 26. Qxf4 Qe6 27. Ng4 Bd5 28. Rc5 Bb3 29. Rdc1 Rxc5 30. dxc5 Bc4 31. Ne3 Bd3 32. c6 Rc8 33. c7 a5 34. Rc5 b4 35. axb4 axb4 36. Nf5 Kh7 37. Nd6 Ba6 38. Nxc8 Bxc8 39. Re5 1-0

[Event "*** Titled Tuesday 3|2 Blitz"]
[Site "Chess.com"]
[Date "2017.05.02"]
[Round "9"]
[White "bilelou"]
[Black "stefanodinn"]
[Result "1-0"]
[WhiteElo "2431"]
[BlackElo "2234"]
[TimeControl "180+2"]
[EndTime "15:01:08 PDT"]
[Termination "bilelou won on time"]

1. e4 c5 2. Nf3 d6 3. d4 cxd4 4.
Nxd4 Nf6 5. Nc3 a6 6. h4 e5 7.
Nb3 Be7 8. Bg5 Nbd7 9. Be2 O-O 10. g4 Nc5 11. Bxf6 Bxf6 12. g5 Be7 13. Nxc5 dxc5 14. Bc4 Be6 15. Qe2 b5 16. Bd5 Rb8 17. O-O-O Qa5 18.
Bxe6 fxe6 19. Qg4 Rb6 20. Kb1 b4 21. Ne2 c4 22. Nc1 c3 23. Nb3 Qb5 24. g6 h6 25.
Rh3 a5 26. Rhd3 a4 27. Nc1 cxb2 28. Kxb2 Bc5 29. Qe2 Bd4+ 30. Rxd4 exd4 31. Qxb5 Rxb5 32. Rxd4 Rxf2 33. Nd3 Rf8 34. Nxb4 e5 35. Rc4 Rb6 36. h5 Rf3 37. c3 Kf8 38. Ka3 Ke8 39. Nd5 Rb7 40.
Rc8+ Kd7 41. Rg8 Kd6 42. Rd8+ Kc5 43. Rc8+ Kd6 44. Kxa4 Rh3 45. c4 Rxh5 46. c5+ Kd7 47. Rf8 Rh4 48. Rf7+ Kc6 49. Rxb7 Kxb7 50. Kb5 Rxe4 51.
c6+ Kc8 52. Kc5 Re1 53. a4 Rc1+ 54. Kd6 h5 55. a5 h4 56. a6 h3 57. a7 Ra1 58. Nb6+ 1-0

[Event "*** Titled Tuesday 3|2 Blitz"]
[Site "Chess.com"]
[Date "2017.05.02"]
[Round "9"]
[White "hermionegrangermagic"]
[Black "IIIlllII1llIl"]
[Result "0-1"]
[WhiteElo "2288"]
[BlackElo "2533"]
[TimeControl "180+2"]
[EndTime "15:01:13 PDT"]
[Termination "IIIlllII1llIl won by resignation"]

1. e4 c5 2. Nf3 d6 3. d4 cxd4 4.
Nxd4 Nf6 5. Nc3 a6 6. a4 g6 7.
Be2 Bg7 8. Be3 Nbd7 9. O-O O-O 10. a5 Qc7 11. f4 b5 12. axb6 Nxb6 13. Bf3 Bb7 14.
e5 dxe5 15. fxe5 Qxe5 16. Qd3 Nfd5 17. Nxd5 Nxd5 18. Bf2 Nf4 19. Qb3 Bxf3 20. Qxf3 Ne6 21. Nc6 Qxb2 22. Nxe7+ Kh8 23. Rac1 Nd4 24. Qd3 Rad8 25.
Qxa6 Rfe8 26. Nc6 Rd6 27. Bxd4 Bxd4+ 28. Kh1 Qc3 29. Rcd1 Qxc6 30. Qxc6 Rxc6 31. Rxd4 Kg7 32. Rd2 Rec8 33. Rc1 Rc3 34. Kg1 h5 35. Kf2 h4 36.
h3 g5 37. Ke2 Rg3 38. Kf2 Kg6 39. c4 Ra3 40. c5 Ra6 41. Rd5 f6 42. Re1 Ra5 43. Rc1 Ra2+ 44. Kf1 Re8 45. c6 Ree2 46. c7 Rf2+ 47. Kg1 Rxg2+ 48. Kh1 Rh2+ 49. Kg1 Rag2+ 50. Kf1 Rc2 51. Rxc2 Rxc2 52. Rd7 Kf5 53. Kg1 Kf4 54. Kf1 f5 55. Rf7 Ke4 56. Ke1 g4 57.
hxg4 fxg4 58. Kf1 h3 59. Rh7 Kf3 60. Rf7+ Kg3 61. Rh7 h2 62. Ke1 Rxc7 63. Rxc7 h1=Q+ 64. Ke2 Qe4+ 65. Kd2 Qf4+ 66. Kc2 Qxc7+ 67. Kd3 Kf3 68. Kd4 Qd6+ 69. Kc4 Ke3 70. Kc3 Qc6+ 71. Kb3 Kd3 0-1

[Event "*** Titled Tuesday 3|2 Blitz"]
[Site "Chess.com"]
[Date "2017.05.02"]
[Round "9"]
[White "Olkaa"]
[Black "Robin-Side"]
[Result "0-1"]
[WhiteElo "2445"]
[BlackElo "2285"]
[TimeControl "180+2"]
[EndTime "15:01:13 PDT"]
[Termination "Robin-Side won by resignation"]

1. e4 c5 2. Nf3 Nc6 3. g3 g6 4.
Bg2 Bg7 5. O-O d6 6. c3 Nf6 7. Re1 e5 8. a4 O-O 9. Na3 h6 10. d3 Be6 11. Nd2 d5 12. exd5 Bxd5 13. Ne4 Nxe4 14.
dxe4 Be6 15. Qe2 Qe7 16. Nc4 Rfd8 17. a5 Rab8 18. Be3 b5 19. axb6 axb6 20. Ra6 b5 21.
Rxc6 bxc4 22. Bxc5 Qb7 23. Rb6 Qc7 24. Rxb8 Rxb8 25.
Bb4 Rd8 26. Rd1 Rd7 27. Bf1 Qd8 28. Rxd7 Qxd7 29. Bc5 Qa4 30. Kg2 Qa1 31. h3 h5 32. Kh2 Bh6 33. Be3 Bxe3 34. fxe3 Qb1 35. Kg2 Qxe4+ 36. Kf2 Bd5 37. Ke1 Kg7 38. Qd2 Be6 39. Bg2 Qb1+ 40. Kf2 Qf5+ 41. Kg1 Qg5 42. Kh2 h4 43. gxh4 Qxh4 44. Qe2 Qd8 45. Kg1 Qb6 46. Kh2 f5 47. Qd2 Kf6 48. Kg3 g5 49.
Kh2 f4 50. exf4 gxf4 51. Be4 Bf5 52. Bd5 Qd6 53. Qg2 e4 54. Qg8 f3+ 55. Kh1 Ke5 56. Bxc4 Qd1+ 57. Kh2 Qd2+ 58. Kg3 Qf4+ 59. Kf2 e3+ 60.
Ke1 f2+ 61. Kf1 Bxh3+ 0-1